 Dungeon Crawl Stone Soup version 0.16.0 (webtiles) character file.

141627 Minkie the Unseen (level 16, -8/109 HPs)
             Began as a Vampire Enchanter on Mar 21, 2015.
             Was the Champion of Kikubaaqudgha.
             Mangled by a shambling mangrove (34 damage)
             ... on level 3 of the Swamp.
             The game lasted 02:54:05 (29956 turns).

Minkie the Unseen (Vampire Enchanter)              Turns: 29956, Time: 02:54:05

Health: -8/109     AC: 15    Str: 13    XL:     16   Next: 78%
Magic:  12/27      EV: 16    Int: 26    God:    Kikubaaqudgha [******]
Gold:   1186       SH: 11    Dex: 14    Spells: 5 memorised, 13 levels left

rFire  + + +     SeeInvis +     u - +5 rapier of Courage {freeze, MR- Str+3 Int+4}
rCold  + + +     Clarity  .     F - +2 robe {rC+ rF+}
rNeg   + + +     SustAb   .     c - +0 shield {reflect}
rPois  ∞         Gourm    .     B - +2 helmet {SInv}
rElec  .         Spirit   .     A - +1 cloak
rCorr  .         Warding  .     z - +2 pair of gloves
rMut   .         Stasis   .     d - +2 pair of boots of the Morning {Contam rF+ rC++ Str+3 Stlth-}
MR     .....                    s - amulet of regeneration
Stlth  ++++++++..               H - +5 ring of evasion
                                O - ring of protection from fire

@: about to teleport, grasped by roots, bloodless, non-regenerating, studying
Necromancy, very slow, not resistant to hostile enchantments, extraordinarily
stealthy
A: bottle blood, fangs 3, see invisible, unbreathing
a: Bat Form, Receive Corpses, Torment, Renounce Religion


You were on level 3 of the Swamp.
You worshipped Kikubaaqudgha.
Kikubaaqudgha was exalted by your worship.
You were bloodless.

You visited 4 branches of the dungeon, and saw 27 of its levels.
You also visited: Labyrinth and Volcano.

You collected 2089 gold pieces.
You spent 903 gold pieces at shops.

Inventory:

Hand weapons
 a - a +0 dagger of draining
 u - the +5 rapier of Courage (weapon) {freeze, MR- Str+3 Int+4}
   (You found it in a labyrinth)

   It has been specially enchanted to freeze those struck by it, causing extra
   injury to most foes and up to half again as much damage against particularly
   susceptible opponents.
   It can also slow down cold-blooded creatures.
   It affects your strength (+3).
   It affects your intelligence (+4).
   It affects your resistance to hostile enchantments.
 w - a +0 blowgun
 I - the +7 Sceptre of Torment
   (You found it on level 10 of the Dungeon)
Missiles
 C - 7 poisoned javelins (quivered)
 S - 6 needles of confusion
Armour
 c - a +0 shield of reflection (worn)
 d - the +2 pair of boots of the Morning (worn) {Contam rF+ rC++ Str+3 Stlth-}
   (You found it on level 2 of the Swamp)

   It affects your strength (+3).
   It protects you from fire.
   It greatly protects you from cold.
   It causes magical contamination when unequipped.
   It makes you less stealthy.
 f - a +0 pair of boots
 z - a +2 pair of gloves (worn)
 A - a +1 cloak (worn)
 B - a +2 helmet of see invisible (worn)
 F - a +2 robe of resistance (worn)
Magical staves
 J - an uncursed staff of cold
Rods
 r - a +0 iron rod (11/11)
   (You found it in a labyrinth)
 U - a +3 iron rod (9/9)
   (You found it on level 8 of the Lair of Beasts)
Jewellery
 o - the amulet "Afudda" {Spirit rPois MP-9 Int+2 Stlth+}
   (You found it in a labyrinth)

   [amulet of guardian spirit]

   It causes incoming damage to be split between your health and magic.
   It affects your intelligence (+2).
   It protects you from poison.
   It affects your magic capacity (-9).
   It makes you more stealthy.
 s - an amulet of regeneration (around neck)
 H - a +5 ring of evasion (right hand)
 N - an uncursed ring of protection from magic
 O - a ring of protection from fire (left hand)
 Y - an uncursed amulet of resist corrosion
Magical devices
 y - a wand of digging (3)
 D - a wand of teleportation (3)
 L - a wand of paralysis (9)
 P - a wand of hasting (1)
 W - a wand of paralysis (8)
Scrolls
 b - 5 scrolls of enchant armour
 g - 2 scrolls of silence
 i - 9 scrolls of identify
 j - 7 scrolls of enchant weapon
 m - 8 scrolls of remove curse
 q - 3 scrolls of fog
 v - 6 scrolls of teleportation
 G - a scroll of fear
 M - 3 scrolls of blinking
 Q - 2 scrolls of magic mapping
 R - a scroll of recharging
Potions
 e - 8 potions of heal wounds
 h - 4 potions of magic
 k - 2 potions of restore abilities
 l - 4 potions of might
 p - 5 potions of blood
 t - 3 potions of haste
 x - 2 potions of resistance
 E - 9 potions of curing
 K - 3 potions of agility
 T - 2 potions of invisibility
 V - 4 potions of cure mutation
Books
 n - a manual of Necromancy
Miscellaneous
 X - a box of beasts


   Skills:
 - Level 5.0 Fighting
 - Level 10.0 Short Blades
 - Level 13.0 Dodging
 - Level 17.8 Stealth
 * Level 9.3 Shields
 - Level 5.0 Spellcasting
 - Level 16.6 Hexes
 + Level 14.9 Necromancy
 - Level 4.0 Ice Magic
 - Level 4.1 Evocations


You had 13 spell levels left.
You knew the following spells:

 Your Spells              Type           Power        Failure   Level  Hunger
a - Summon Butterflies    Summ           #.......     17%         1    None
b - Ensorcelled Hibernat  Hex/Ice        ######       1%          2    None
c - Confuse               Hex            #######.     1%          3    #......
d - Blink                 Tloc           N/A          28%         2    None
e - Animate Dead          Necr           N/A          1%          4    ###....


Dungeon Overview and Level Annotations

Branches:
Dungeon (15/15)            Temple (1/1) D:4            Lair (8/8) D:11
  Swamp (3/5) Lair:4        Snake (0/5) Lair:5        Slime (0/6) Lair:8
    Orc (0/4) D:11         Vaults (0/5) D:14
 Depths: D:15

Altars:
Ashenzari
Cheibriados
Dithmenos
Elyvilon
Fedhas
Gozag
Kikubaaqudgha
Makhleb
Nemelex Xobeh
Okawaru
Qazlal
Ru
Sif Muna
Trog
Vehumet
Xom
Yredelemnul
Zin
The Shining One

Shops:
D:5 =(:   D:10 *   D:15 ?=[**

Annotations:
D:3 Grinder
D:5 Natasha
Lair:3 exclusion: oklob plant
Lair:7 Rupert


Innate Abilities, Weirdness & Mutations

You do not heal naturally.
You can bottle blood from corpses.
You have razor-sharp teeth.
You have supernaturally acute eyesight.
You can survive without breathing.


Message History

The spriggan rider hits you from afar with an uncursed spear.
* * * LOW HITPOINT WARNING * * *
The wasp closely misses you.
You completely miss the wasp.
The wasp is almost dead.
You block the wasp's attack. You block the spriggan rider's attack.
The shambling mangrove barely misses you.
Read which item? (? for menu, Esc to quit)
As you read the scroll of teleportation, it crumbles to dust.
You feel strangely unstable. The wasp completely misses you.
You block the spriggan rider's attack. The shambling mangrove hits you!!
* * * LOW HITPOINT WARNING * * *
You block the wasp's attack.
Unknown command.
Drink which item? (? for menu, Esc to quit)
You feel much better.
The vampire mosquito bites itself.
You block the wasp's attack. You block the spriggan rider's attack.
The shambling mangrove hits you!!
You die...
Kikubaaqudgha rasps: "You have failed me!
Welcome... oblivion!"

#..♣ ♣..≈.≈.≈≈♣≈.♣
)..♣♣♣P≈P≈≈≈≈.≈≈.♣
#..♣♣≈≈♣..†.≈≈≈≈.♣♣ ≈
#..♣....♣♣≈≈.≈≈≈..♣♣ .≈.
#..♣...♣♣♣♣♣♣.≈≈≈≈≈♣♣.≈.≈
#..≈≈≈♣♣ ♣≈≈≈..≈.♣.≈..≈
..≈.≈≈♣ ♣≈≈..≈..≈≈≈♣§≈
...≈.♣♣ ♣.≈♣.≈.≈≈≈≈≈.≈≈
♣♣...♣ ♣.§♣@fi≈≈≈≈....
♣≈.♣♣ ♣≈♣.♣yD≈≈≈.≈≈≈≈
♣≈≈♣ ♣≈.♣♣♣y≈≈≈.≈≈≈≈≈
♣≈§♣ ♣≈≈ ♣.≈).≈..≈≈. ♣≈≈♣
♣≈≈§≈..≈)§≈.≈≈.. ♣≈≈♣
♣.≈.≈≈≈≈≈..≈♣.. ♣.♣♣
♣.≈.≈≈≈≈..♣§≈.# ♣≈♣
♣.≈≈≈≈≈§≈≈♣♣♣≈$# ≈
≈≈≈.≈≈≈≈.♣ .


You could see a shambling mangrove, a swamp dragon, a spriggan rider, a vampire
mosquito (confused) and a wasp.

Vanquished Creatures
  A thorn hunter (Swamp:3)
  Wiglaf (Swamp:2)
  4 dire elephants (Lair:8)
  4 vault guards (D:14)
  A minotaur (Lab)
  Fannar (D:12)
  Harold (Lair:3)
  7 hydras
  2 centaur warriors
  4 alligators
  A catoblepas (D:13)
  An anaconda (Lair:8)
  3 death yaks (Lair:4)
  Nergalle (D:11)
  A fire crab (Lair:8)
  Erolcha (D:13)
  2 unseen horrors
  A spriggan druid (Swamp:3)
  3 swamp dragons
  3 hill giants
  A shambling mangrove (Swamp:2)
  Pikel (D:4)
  A harpy (shapeshifter) (D:14)
  A griffon (D:14)
  8 cyclopes
  3 manticores
  8 ugly things
  A hornet (Swamp:2)
  9 elephants
  Joseph (D:7)
  A centaur zombie (D:12)
  2 gargoyles
  3 black mambas
  Psyche (D:11)
  A kobold demonologist (D:13)
  5 fire drakes
  5 komodo dragons
  15 spiny frogs
  A freezing wraith (D:11)
  6 giant leeches
  Sonja (D:12)
  A polar bear (Lair:5)
  4 two-headed ogres
  A raven (Swamp:2)
  17 slime creatures
  A troll (shapeshifter) (D:14)
  5 basilisks
  3 baby alligators (Swamp:3)
  An alligator zombie (Swamp:3)
  7 trolls
  3 bog bodies
  A centaur simulacrum (D:15)
  15 blink frogs
  A fire bat (Volcano)
  A shadow (D:11)
  2 vampires
  A wyvern (D:14)
  2 deep elf fighters (Volcano)
  Eustachio (D:7)
  2 deep elf magi
  33 yaks
  3 wraiths
  6 hippogriffs
  4 hungry ghosts
  6 wolves
  8 vampire mosquitoes
  Edmund (D:9)
  2 mottled dragons
  A soldier ant (D:14)
  3 nagas (Lair:5)
  2 orc warriors (D:11)
  16 swamp worms
  4 ice beasts
  The ghost of JohnnyRipsauce the Sneak, an average VSAs (D:4)
  15 water moccasins
  8 ogres
  A phantom (D:7)
  5 sky beasts
  An eye of draining (shapeshifter) (D:15)
  7 porcupines
  A black bear (shapeshifter) (D:14)
  8 centaurs
  2 boring beetles (Lair:8)
  A necrophage (D:11)
  13 crocodiles
  Sigmund (D:6)
  Duvessa (D:5)
  Blork the orc (D:4)
  A big kobold (D:11)
  22 giant frogs
  A gnoll sergeant (D:7)
  2 scorpions
  A water moccasin skeleton (D:10)
  5 killer bees (D:11)
  13 wights
  A wolf zombie (Lair:5)
  2 giant frog zombies
  Dowan (D:5)
  6 crimson imps
  2 giant frog skeletons
  5 jellies
  Crazy Yiuf (D:3)
  12 hounds
  8 iguanas
  5 orc priests
  2 centaur skeletons
  9 worker ants
  Natasha (D:5)
  5 orc wizards
  30 sheep
  Ijyb (D:4)
  2 mummies
  2 worker ant zombies
  17 gnolls
  24 adders
  31 river rats
  2 shadow imps
  4 giant mites
  A worm (D:3)
  2 adder skeletons
  5 giant geckos
  2 oozes
  26 orcs
  2 giant cockroaches
  9 goblins
  9 hobgoblins
  6 jackals
  20 kobolds
  14 quokkas
  2 ball pythons
  9 bats
  A giant cockroach zombie (D:5)
  A giant gecko skeleton (D:7)
  8 giant newts
  A giant spore (D:12)
  A quokka skeleton (D:5)
  14 rats
  2 fungi
  4 plants (Lair:8)
699 creatures vanquished.

Vanquished Creatures (collateral kills)
  A dire elephant (Lair:8)
  2 alligators (Swamp:2)
  2 death yaks (Lair:4)
  A spriggan druid (Swamp:2)
  A hill giant (D:12)
  2 elephants (Lair:8)
  A gargoyle (D:14)
  A black mamba (Lair:6)
  3 komodo dragons
  A baby alligator (Swamp:3)
  5 ravens (Swamp:2)
  A bog body (Swamp:1)
  An orc warrior (D:11)
  5 blink frogs
  2 spriggans (Swamp:3)
  A shadow (D:12)
  2 yaks
  A steam dragon (D:14)
  2 swamp worms (Swamp:2)
  6 wolves
  2 vampire mosquitoes
  A porcupine (Lair:4)
  2 water moccasins (Lair:8)
  A swamp drake (Swamp:1)
  2 wasps
  A centaur (D:12)
  2 crocodiles
  2 giant frogs (Lair:5)
  An electric eel (D:14)
  2 orc priests (D:14)
  A hound (D:12)
  A giant frog skeleton (D:11)
  An iguana (Lair:3)
  An orc wizard (D:12)
  A worker ant (D:14)
  13 sheep
  4 river rats
  5 adders
  A giant mite (Lair:2)
  3 orcs
  A quokka (Lair:6)
  2 ballistomycetes (D:12)
  A bush (Lair:2)
  2 fungi
  A plant (Lair:5)
95 creatures vanquished.

Vanquished Creatures (others)
  2 death yak skeletons (Lair:4)
  A human zombie (D:14)
  A two-headed ogre (Volcano)
  A hydra zombie (Lair:8)
  2 alligator zombies
  An ugly thing zombie (D:14)
  4 spiny frog zombies
  4 elephant zombies
  A centaur (Volcano)
  A vampire mosquito zombie (D:11)
  A komodo dragon zombie (Lair:8)
  A fire drake skeleton (Volcano)
  A wyvern zombie (D:14)
  A cyclops zombie (D:14)
  3 yak zombies (Lair:7)
  2 hippogriff zombies (Lair:8)
  4 wolf zombies
  3 centaur zombies
  A giant frog zombie (Lair:3)
  A human skeleton (Swamp:3)
  A naga zombie (Lair:5)
  A crocodile zombie (Lair:8)
  An adder (D:4)
  2 iguana zombies
  An adder zombie (Lair:8)
  A sheep zombie (Lair:5)
  2 hobgoblins (D:4)
  An orc zombie (D:12)
  2 fungi (Lair:2)
  A plant (D:14)
49 creatures vanquished.

Grand Total: 843 creatures vanquished

Notes
Turn   | Place    | Note
--------------------------------------------------------------
     0 | D:1      | Minkie, the Vampire Enchanter, began the quest for the Orb.
     0 | D:1      | Reached XP level 1. HP: 13/13 MP: 3/3
   644 | D:1      | Reached XP level 2. HP: 13/19 MP: 4/4
   650 | D:1      | Learned a level 2 spell: Ensorcelled Hibernation
  1380 | D:2      | Found a blossoming altar of Fedhas.
  1413 | D:2      | Found a glowing golden altar of the Shining One.
  1557 | D:2      | Reached XP level 3. HP: 24/24 MP: 6/6
  1562 | D:2      | Learned a level 3 spell: Confuse
  1832 | D:2      | Found a stormy altar of Qazlal.
  2024 | D:3      | Noticed Grinder
  2274 | D:3      | Reached skill level 5 in Hexes
  2320 | D:3      | Reached skill level 5 in Stealth
  2320 | D:3      | Reached XP level 4. HP: 21/30 MP: 4/7
  2388 | D:3      | Reached skill level 1 in Ice Magic
  2766 | D:3      | Paralysed by Grinder for 4 turns
  2778 | D:3      | Paralysed by Grinder for 7 turns
  3151 | D:3      | Reached XP level 5. HP: 35/35 MP: 9/9
  3185 | D:3      | Found a sparkling altar of Nemelex Xobeh.
  3545 | D:3      | Noticed Crazy Yiuf
  3549 | D:3      | Killed Crazy Yiuf
  3597 | D:4      | Found a staircase to the Ecumenical Temple.
  3598 | D:4      | Noticed Ijyb
  3603 | Temple   | Entered the Ecumenical Temple
  3878 | D:4      | Killed Ijyb
  3964 | D:4      | Noticed JohnnyRipsauce's ghost (average VSAs)
  4488 | D:4      | Killed JohnnyRipsauce's ghost
  4488 | D:4      | Reached XP level 6. HP: 38/41 MP: 0/10
  4621 | D:4      | Reached skill level 6 in Stealth
  4811 | D:4      | Noticed Pikel
  4811 | D:4      | Noticed a slave
  4814 | D:4      | Noticed a slave
  4815 | D:4      | Noticed a slave
  4818 | D:4      | Noticed a slave
  4830 | D:4      | Killed Pikel
  4830 | D:4      | Reached skill level 7 in Stealth
  4830 | D:4      | Reached XP level 7. HP: 46/46 MP: 0/12
  4941 | D:4      | Noticed an ogre
  4947 | D:4      | Noticed Blork the orc
  4965 | D:4      | Killed Blork the orc
  4997 | D:4      | Killed an ogre
  4997 | D:4      | Reached XP level 8. HP: 52/52 MP: 4/13
  5386 | D:5      | Entered Level 5 of the Dungeon
  5426 | D:5      | Found Yvitoibi's Book Shoppe.
  5435 | D:5      | Found Erydak's Antique Weapon Shop.
  5546 | D:5      | Noticed Natasha
  5548 | D:5      | Killed Natasha
  5556 | D:5      | Noticed Dowan
  5557 | D:5      | Noticed Duvessa
  5727 | D:5      | Killed Duvessa
  5823 | D:5      | Killed Dowan
  5953 | D:5      | Noticed Natasha
  6020 | D:5      | Found Omeych's Antique Weapon Shop.
  6051 | D:5      | Found Cleek's Jewellery Boutique.
  6265 | D:6      | Noticed Sigmund
  6268 | D:6      | Killed Sigmund
  6268 | D:6      | Reached skill level 8 in Stealth
  6880 | D:7      | Noticed Joseph
  6962 | D:7      | Found a sacrificial altar of Ru.
  6962 | D:7      | Noticed Eustachio
  6966 | D:7      | Killed Eustachio
  7080 | D:7      | Found an ancient bone altar of Kikubaaqudgha.
  7084 | D:7      | Became a worshipper of Kikubaaqudgha
  7090 | D:7      | Found a snail-covered altar of Cheibriados.
  7093 | D:7      | Found a shimmering altar of Xom.
  7152 | D:7      | Learned a level 2 spell: Blink
  7202 | D:7      | Noticed a manticore
  7206 | D:7      | Found a glowing golden altar of the Shining One.
  7208 | D:7      | Killed a manticore
  7208 | D:7      | Reached skill level 9 in Stealth
  7208 | D:7      | Reached XP level 9. HP: 57/57 MP: 14/14
  7277 | D:7      | Found a burning altar of Makhleb.
  7774 | D:7      | Killed Joseph
  7967 | D:7      | Reached skill level 5 in Dodging
  8245 | D:8      | Reached skill level 10 in Stealth
  8294 | D:8      | Acquired Kikubaaqudgha's first power
  8294 | D:8      | Received a gift from Kikubaaqudgha
  8295 | D:8      | Identified Kikubaaqudgha's Tome of Darkness (Kikubaaqudgha gifted it to you on level 8 of the Dungeon)
  8324 | D:8      | Reached skill level 10 in Hexes
  9339 | D:9      | Reached skill level 10 in Short Blades
  9461 | D:9      | Reached XP level 10. HP: 47/63 MP: 3/16
  9627 | D:9      | Noticed a cyclops
  9637 | D:9      | Killed a cyclops
  9637 | D:9      | Reached skill level 1 in Fighting
  9733 | D:9      | Noticed Edmund
  9742 | D:9      | Killed Edmund
 10080 | D:9      | Acquired Kikubaaqudgha's second power
 10105 | D:9      | Reached skill level 11 in Stealth
 10472 | D:10     | Entered Level 10 of the Dungeon
 10622 | D:10     | Noticed an unseen horror
 10627 | D:10     | Killed an unseen horror
 10636 | D:10     | Learned a level 1 spell: Summon Butterflies
 10801 | D:10     | Found Zekasmom's General Store.
 11304 | D:11     | Found a staircase to the Orcish Mines.
 11356 | D:11     | Noticed a manticore
 11380 | D:11     | Noticed a brown ugly thing
 11381 | D:11     | Noticed a purple ugly thing
 11390 | D:11     | Killed a brown ugly thing
 11460 | D:11     | Noticed Psyche
 11462 | D:11     | Killed Psyche
 11554 | D:11     | Reached skill level 12 in Stealth
 11782 | D:11     | Noticed a manticore
 11786 | D:11     | Killed a manticore
 11786 | D:11     | Reached XP level 11. HP: 74/76 MP: 19/22
 11862 | D:11     | Noticed an eight-headed hydra
 11864 | D:11     | Killed an eight-headed hydra
 11902 | D:11     | Noticed Nergalle
 11907 | D:11     | Killed Nergalle
 12172 | D:11     | Noticed a cyclops
 12173 | D:11     | Noticed a hill giant
 12180 | D:11     | Killed a hill giant
 12180 | D:11     | Reached skill level 5 in Spellcasting
 12193 | D:11     | Killed a cyclops
 12203 | D:11     | Reached skill level 1 in Necromancy
 12380 | D:11     | Noticed a cyclops
 12408 | D:11     | Killed a cyclops
 12408 | D:11     | Reached skill level 13 in Stealth
 12487 | D:11     | Received a gift from Kikubaaqudgha
 12492 | D:11     | Identified Kikubaaqudgha's Almanac of Darkness (Kikubaaqudgha gifted it to you on level 11 of the Dungeon)
 12500 | D:11     | Learned a level 4 spell: Animate Dead
 12590 | D:11     | Found a staircase to the Lair.
 12659 | Lair:1   | Entered Level 1 of the Lair of Beasts
 12850 | D:11     | Reached skill level 5 in Fighting
 12917 | D:11     | Noticed a white ugly thing
 12926 | D:11     | Killed a white ugly thing
 13214 | D:12     | Noticed a hill giant
 13228 | D:12     | Killed a hill giant
 13373 | D:12     | Reached XP level 12. HP: 86/86 MP: 24/24
 13384 | D:12     | Reached skill level 14 in Stealth
 13439 | D:12     | Noticed Fannar
 13458 | D:12     | Killed Fannar
 13490 | D:12     | Noticed Sonja
 13496 | D:12     | Killed Sonja
 13941 | D:13     | Acquired Kikubaaqudgha's third power
 14108 | D:13     | Noticed Erolcha
 14115 | D:13     | Killed Erolcha
 14115 | D:13     | Reached skill level 5 in Necromancy
 14491 | D:13     | Noticed a catoblepas
 14514 | D:13     | Killed a catoblepas
 14684 | D:14     | Reached skill level 15 in Stealth
 14705 | D:14     | Found a gate to the Vaults.
 14705 | D:14     | Noticed a vault guard
 14705 | D:14     | Noticed a vault guard
 14705 | D:14     | Noticed a vault guard
 14706 | D:14     | Noticed a vault guard
 14722 | D:14     | Killed a vault guard
 14885 | D:14     | Killed a vault guard
 14885 | D:14     | Reached skill level 10 in Dodging
 14911 | D:14     | Killed a vault guard
 14919 | D:14     | Killed a vault guard
 15355 | D:14     | Found a deep blue altar of Sif Muna.
 15368 | D:14     | Reached XP level 13. HP: 91/91 MP: 20/25
 15741 | D:14     | Reached skill level 16 in Stealth
 15938 | D:14     | Noticed a centaur warrior
 15949 | D:14     | Killed a centaur warrior
 15949 | D:14     | Reached skill level 15 in Hexes
 16302 | D:15     | Entered Level 15 of the Dungeon
 16318 | D:15     | Found Wutotail's Magic Scroll Emporium.
 16335 | D:15     | Bought a scroll of identify for 36 gold pieces
 16335 | D:15     | Bought a scroll of identify for 36 gold pieces
 16335 | D:15     | Bought a scroll of identify for 36 gold pieces
 16335 | D:15     | Bought a scroll of identify for 36 gold pieces
 16335 | D:15     | Bought a scroll of identify for 36 gold pieces
 16335 | D:15     | Bought a scroll of identify for 36 gold pieces
 16335 | D:15     | Bought a scroll of identify for 36 gold pieces
 16342 | D:15     | Reached XP level 14. HP: 88/98 MP: 13/26
 16457 | D:15     | Found Diororua's Jewellery Shoppe.
 16467 | D:15     | Found Duamuamu's Armour Shoppe.
 16469 | D:15     | Found Omacvaes' General Store.
 16473 | D:15     | Bought a +2 pair of gloves for 231 gold pieces
 16473 | D:15     | Bought a +2 helmet of see invisible for 301 gold pieces
 16587 | D:15     | Found Meape's General Store.
 16969 | Lair:1   | Acquired Kikubaaqudgha's fourth power
 17734 | Lair:2   | Found a dark tunnel.
 17842 | Volcano  | Entered a volcano
 17890 | Volcano  | Reached XP level 15. HP: 103/103 MP: 27/27
 19392 | Lair:3   | Reached skill level 10 in Necromancy
 19445 | Lair:3   | Got a fine falchion
 19514 | Lair:3   | Noticed Harold
 19545 | Lair:3   | Killed Harold
 19708 | Lair:3   | Found a sacrificial altar of Ru.
 20429 | Lair:4   | Got a smoking plate armour
 20440 | Lair:4   | Identified the +9 plate armour "Ujoqazo" {MR+} (You found it on level 4 of the Lair of Beasts)
 20440 | Lair:4   | Identified the cursed +3 falchion of the Vulture {slice, rElec rN+} (You found it on level 3 of the Lair of Beasts)
 20594 | Lair:4   | Reached skill level 17 in Stealth
 20821 | Lair:4   | Found a staircase to the Swamp.
 21783 | Lair:5   | Found a staircase to the Snake Pit.
 23012 | Lair:6   | Found a bloodstained altar of Trog.
 23965 | D:15     | Bought a +0 shield of reflection for 119 gold pieces
 24120 | D:12     | Noticed a skeletal warrior
 24122 | D:12     | Noticed a skeletal warrior
 24148 | D:11     | Noticed a centaur warrior
 24194 | D:11     | Killed a centaur warrior
 24257 | D:11     | Killed a purple ugly thing
 24445 | D:11     | Killed a manticore
 24445 | D:11     | Reached XP level 16. HP: 109/109 MP: 20/27
 24868 | Lair:7   | Found a labyrinth entrance.
 24924 | Lab      | Entered a labyrinth
 25027 | Lab      | Got a faintly glowing tin amulet
 25028 | Lab      | Got a crystal rapier
 25030 | Lab      | Identified the amulet "Afudda" {Spirit rPois MP-9 Int+2 Stlth+} (You found it in a labyrinth)
 25033 | Lab      | Identified the +5 rapier of Courage {freeze, MR- Str+3 Int+4} (You found it in a labyrinth)
 25188 | Lair:7   | Got a bronze chain mail
 25199 | Lair:7   | Identified the cursed -3 chain mail of Grot {rF++ Str+2 Int+3} (You found it on level 7 of the Lair of Beasts)
 25909 | Lair:8   | Entered Level 8 of the Lair of Beasts
 25909 | Lair:8   | Noticed Rupert
 26139 | Lair:8   | Reached skill level 5 in Shields
 26269 | Lair:8   | Found a staircase to the Slime Pits.
 26918 | Lair:8   | HP: 5/109 [dire elephant (13)]
 27626 | Swamp:1  | Entered Level 1 of the Swamp
 29082 | Swamp:2  | Noticed Wiglaf
 29086 | Swamp:2  | Got a pair of pitted boots
 29090 | Swamp:2  | Killed Wiglaf
 29104 | Swamp:2  | Identified the +2 pair of boots of the Morning {Contam rF+ rC++ Str+3 Stlth-} (You found it on level 2 of the Swamp)
 29955 | Swamp:3  | HP: 1/109 [shambling mangrove (30)]
 29956 | Swamp:3  | Mangled by a shambling mangrove

Action                   |  1- 3 |  4- 6 |  7- 9 | 10-12 | 13-15 | 16-18 || total
-------------------------+-------+-------+-------+-------+-------+-------++-------
Melee: Dagger            |    64 |    92 |   202 |   377 |   796 |    51 ||  1582
       Rapier            |       |       |       |       |       |   277 ||   277
Throw: Javelin           |       |       |       |     3 |       |     1 ||     4
 Cast: Ensorcelled Hiber |     5 |    20 |    78 |   155 |   144 |   120 ||   522
       Confuse           |     3 |    16 |    25 |    41 |    45 |    39 ||   169
       Animate Dead      |       |       |       |     5 |    21 |    18 ||    44
       Blink             |       |       |       |       |     1 |       ||     1
 Abil: End Transformatio |       |       |       |     2 |     2 |       ||     4
       Bat Form          |       |       |       |     2 |     2 |       ||     4
Evoke: Wand              |       |       |       |       |     1 |       ||     1
  Use: Potion            |       |     2 |     3 |     2 |     6 |     6 ||    19
       Scroll            |       |       |     9 |    13 |    15 |     4 ||    41
 Stab: Sleeping          |     8 |    18 |    69 |   110 |   133 |    81 ||   419
       Confused          |     1 |     2 |     9 |    24 |    21 |    12 ||    69
       Distracted        |       |       |     1 |     4 |     5 |     5 ||    15
  Eat: Corpse            |       |     1 |       |       |     1 |       ||     2
